AoeStats
← lavive3113

Coastal Forest

510370927Analyzed
2v2 RM · 19h ago on Sep 30, 2026· 66m 21s· 4 players
Game mode
Random Map
Map size
Medium (4 player)
Population
200
Speed
Normal
Resources
Standard
Victory
Conquest
Starting age
Dark Age
Ending age
Imperial Age
RankedLock teamsTeams togetherTeam positionsShared explorationLock speedFull tech treeHidden civsTurbo modeCheats
Victory
Defeat
🇫🇷 Burgundians · France
917
+12
🇫🇷 Romans · France
790
+17
🇫🇷 Spanish · France
832
-39
🇫🇷 Cumans · France
812
-14
missoukette
5:14 Loom
11:34 Feudal Age
13:01 Double-Bit Axe
13:44 Horse Collar
19:56 Castle Age
18:30 Gold Mining
18:37 Fletching
18:47 Stone Mining
20:20 Bloodlines
20:48 Heavy Plow
21:54 Husbandry
22:27 Padded Archer Armor
22:54 Bow Saw
23:41 Gold Shaft Mining
24:06 Wheelbarrow
24:43 Bodkin Arrow
32:45 Imperial Age
33:19 Caravan
36:43 Murder Holes
37:09 Ballistics
38:38 Conscription
39:15 Conscription
41:19 Hand Cart
43:57 Chemistry
43:08 Masonry
43:20 Squires
42:42 Man-at-Arms
44:51 Long Swordsman
46:32 Devotion
48:33 Siege Engineers
48:06 Heavy Scorpion
50:20 Comitatenses
50:32 Ballistas
51:13 Elite Centurion
lavive3113
7:55 Double-Bit Axe
12:05 Feudal Age
11:22 Horse Collar
13:07 Heavy Plow
13:22 Bow Saw
14:53 Wheelbarrow
15:39 Scale Barding Armor
15:46 Forging
22:26 Castle Age
24:42 Gold Mining
27:23 Crop Rotation
28:18 Hand Cart
27:50 Town Watch
27:50 Loom
30:10 Two-Man Saw
29:58 Iron Casting
29:44 Chain Barding Armor
29:07 Cavalier
29:47 Husbandry
30:54 Town Patrol
34:43 Stone Mining
35:31 Gold Shaft Mining
38:27 Burgundian Vineyards
42:53 Imperial Age
44:00 Conscription
44:16 Hoardings
46:40 Fletching
46:51 Padded Archer Armor
47:51 Blast Furnace
47:27 Plate Barding Armor
49:45 Chemistry
49:07 Ballistics
48:38 Guard Tower
48:33 Arrowslits
48:45 Murder Holes
48:30 Treadmill Crane
49:01 Masonry
48:16 Elite Skirmisher
48:17 Crossbowman
57:12 Bodkin Arrow
61:17 Bracer
61:32 Leather Archer Armor
61:58 Keep
61:54 Architecture
mohali amad
2:40 Loom
10:08 Feudal Age
16:22 Castle Age
15:50 Horse Collar
18:12 Double-Bit Axe
27:41 Pikeman
28:46 Ballistics
29:39 Arson
32:05 Inquisition
32:36 Elite Skirmisher
34:07 Heavy Plow
35:53 Padded Archer Armor
37:35 Fletching
38:01 Leather Archer Armor
38:38 Inquisition
42:19 Bodkin Arrow
44:49 Murder Holes
47:33 Imperial Age
47:14 Squires
47:27 Forging
47:18 Scale Mail Armor
47:20 Murder Holes
48:45 Wheelbarrow
47:55 Town Watch
49:14 Chemistry
48:28 Masonry
50:47 Hand Cart
50:33 Town Patrol
52:03 Architecture
53:56 Scale Mail Armor
54:06 Forging
54:27 Ring Archer Armor
53:57 Bracer
56:22 Chain Mail Armor
56:42 Iron Casting
56:13 Scale Barding Armor
58:10 Elite Conquistador
63:13 Hoardings
65:35 Conscription
65:21 Cavalier
Dezzors
13:12 Feudal Age
16:23 Wheelbarrow
26:14 Castle Age
25:01 Scale Barding Armor
25:53 Bloodlines
36:37 Double-Bit Axe
36:36 Horse Collar
38:30 Steppe Husbandry
39:19 Chain Barding Armor
39:14 Forging
44:32 Imperial Age
43:32 Loom
44:03 Hand Cart
45:35 Cuman Mercenaries
56:36 Plate Barding Armor
56:37 Iron Casting
55:25 Elite Steppe Lancer
57:21 Caravan
Connection lost

Rejoining the realm…

Still unreachable

The connection could not be restored.

Session expired

The server has moved on; the page needs a fresh start.